 Dungeon Crawl Stone Soup version 0.28-a0-533-g9f97627e2a (webtiles) character file.

Game seed: 7283651412696059777

123 kipponium the Bolt Thrower (level 5, -1/40 HPs)
             Began as a Formicid Hunter on Sept 25, 2021.
             Succumbed to an adder's poison
             ... on level 2 of the Dungeon.
             The game lasted 00:08:13 (2556 turns).

kipponium the Bolt Thrower (Formicid Hunter)        Turns: 2556, Time: 00:08:13

Health: -1/40      AC:  3    Str: 23    XL:     5   Next: 28%
Magic:  5/5        EV: 11    Int: 11    God:
Gold:   32         SH:  0    Dex: 11    Spells: 4/4 levels left

rFire   + . .      SeeInvis +   f - +0 trident
rCold   . . .      Faith    .   (no shield)
rNeg    . . .      Spirit   .   c - +0 leather armour
rPois   .          Reflect  .   (helmet unavailable)
rElec   .          Harm     .   (no cloak)
rCorr   .          Rampage  .   (no gloves)
Will    .....                   (no boots)
Stlth   +.........              (no amulet)
HPRegen 0.13/turn               j - +6 ring of strength
MPRegen 0.09/turn               l - ring of protection from fire

@: lethally poisoned (-1 -> -12), flying
A: permanent stasis, dig shafts and tunnels, antennae 3, four strong arms
a: Dig, Shaft Self


You were on level 2 of the Dungeon.
You visited 1 branch of the dungeon, and saw 2 of its levels.

You collected 74 gold pieces.
You spent 42 gold pieces at shops.

Inventory:

Hand Weapons
 a - a +1 hand crossbow
 b - a +0 short sword
 e - a +0 dagger
 f - a +0 trident (weapon)
Missiles
 d - 32 bolts
Armour
 c - a +0 leather armour (worn)
Jewellery
 j - a +6 ring of strength (left hand)
 l - a ring of protection from fire (right hand)
Scrolls
 i - 2 scrolls of identify {unknown}
 k - a scroll of teleportation {unknown}
 n - a scroll of amnesia {unknown}
Potions
 h - a potion of flight
 o - a potion of curing {unknown}


   Skills:
 - Level 2.8 Fighting
 - Level 0.8 Short Blades
 * Level 4.0 Polearms
 - Level 4.0 Crossbows
 - Level 0.2 Armour
 - Level 1.7 Dodging
 - Level 1.2 Stealth


You had 4 spell levels left.
You didn't know any spells.
Your spell library contained the following spells:

 Spells                   Type           Power      Damage    Failure   Level
 Sandblast                Erth           0%         2d4       38%         1
 Passwall                 Tmut/Erth      0%         N/A       52%         2
 Stone Arrow              Conj/Erth      0%         3d7       77%         3
 Summon Forest            Summ/Tloc      0%         N/A       100%        5
 Eringya's Noxious Bog    Tmut/Pois      0%         N/A       100%        6
 Summon Hydra             Summ           0%         N/A       100%        7


Dungeon Overview and Level Annotations

Branches:
Dungeon (2/15)

Altars:

Shops:
D:2 ?


Innate Abilities, Weirdness & Mutations

You cannot be hasted, slowed, berserked, paralysed or teleported.
You can dig through walls and to a lower floor.
You have a pair of large antennae on your head. (SInv)
Your four strong arms can wield two-handed weapons with a shield.


Message History

You feel sick. The adder closely misses you.
You closely miss the adder.
The adder is lightly wounded.
You feel sick. The adder bites you.
You are more poisoned.
The adder poisons you! The adder closely misses you.
You hit the adder.
The adder is moderately wounded.
You feel sick. The adder bites you.
You are too injured to fight recklessly!
You are too injured to fight recklessly!
You are too injured to fight recklessly!
You are too injured to fight recklessly!
You are too injured to fight recklessly!
You barely miss the adder.
The adder is moderately wounded.
You feel sick. The adder bites you.
You are more poisoned.
The adder poisons you!
You barely miss the adder.
The adder is moderately wounded.
You feel sick. The adder bites you.
* * * LOW HITPOINT WARNING * * *
You are lethally poisoned!
The adder poisons you! The adder bites you.
* * * LOW HITPOINT WARNING * * *
You are more poisoned.
The adder poisons you!
As you read the scroll of fear, it crumbles to dust.
You assume a fearsome visage.
The adder looks frightened!
* * * LOW HITPOINT WARNING * * *
You feel very sick.
It was a potion of haste.
Your stasis prevents you from being hasted.
* * * LOW HITPOINT WARNING * * *
You feel very sick.
It was a potion of flight.
You feel very buoyant.
You fly up into the air.
You die...

#.# .# #####.## # { .#
#....... #. ##.
###.###..# ... ... ..#.#
##.# ....
#.####.#.#.####.# .....
#....#.#.#.......
......###..#...#.#.......
....S.'.@................
......###....###.##.###..
..... #.#..# #.##......
.... #.##.###.######.#
... #........# #.# #+
####.##### #.# #.# ###.#
#.# #.... #.# #.#..


You could see an adder (fleeing).

Vanquished Creatures
  Terence (D:2)
  An iguana (D:2)
  3 adders (D:2)
  3 dart slugs
  A ball python (D:1)
  3 endoplasms (D:1)
  3 giant cockroaches
  5 goblins
  5 hobgoblins
  4 jackals (D:1)
  3 bats
  3 frilled lizards (D:1)
  3 kobolds (D:1)
  2 rats (D:1)
40 creatures vanquished.

Notes
Turn   | Place    | Note
-------+----------+-------------------------------------------
     0 | D:1      | kipponium the Formicid Hunter began the quest for the Orb.
     0 | D:1      | Reached XP level 1. HP: 16/16 MP: 1/1
   111 | D:1      | Reached XP level 2. HP: 13/23 MP: 2/2
   546 | D:1      | Found a faded altar of an unknown god.
   688 | D:1      | Reached skill level 1 in Polearms
   840 | D:1      | Reached XP level 3. HP: 28/28 MP: 3/3
  1544 | D:2      | Reached XP level 4. HP: 34/34 MP: 4/4
  1623 | D:2      | Noticed Terence
  1636 | D:2      | Killed Terence
  1824 | D:2      | Found Itar's Magic Scroll Shoppe.
  1833 | D:2      | Bought a scroll of fear for 42 gold pieces
  1910 | D:2      | Reached XP level 5. HP: 38/40 MP: 5/5
  2555 | D:2      | HP: 2/40 [poisoned by an adder]
  2556 | D:2      | Succumbed to an adder's poison

Illustrated notes

Levels and vault maps discovered:
D:1:      sevenhm_arrival_forest_fort_small_3, layout_loops_corners,
          dreamdust_ecumenical_altar_grove
D:2:      layout_loops_corners, serial_shops, shop, basic_altar, uniq_terence

Skill      XL: |  1  2  3  4  5 |
---------------+----------------+-----
Polearms       | 1 2 3 4 |  4.0
Fighting       | |  2.8
Short Blades   | |  0.8
Crossbows      | |  4.0
Armour         | |  0.2
Dodging        | |  1.7
Stealth        | |  1.2

Action                   |  1- 3 |  4- 6 || total
-------------------------+-------+-------++-------
Melee: Short sword       |    12 |       ||    12
       Trident           |    75 |    52 ||   127
 Fire: Hand crossbow     |     8 |    12 ||    20
  Use: Potion            |       |     2 ||     2
       Scroll            |       |     1 ||     1
 Stab: Sleeping          |     1 |       ||     1
Armor: Leather armour    |    17 |    12 ||    29
Dodge: Dodged            |    42 |    30 ||    72

Table legend: (Time is in decaauts)
 A = Elapsed time spent in this place.
 B = Non-inter-level travel time spent in this place.
 C = Inter-level travel time spent in this place.
 D = Time resting spent in this place.
 E = Time spent auto-exploring this place.
 F = Levels seen in this place.
 G = Mean time per level.
                   A        B        C        D        E       F      G
               +--------+--------+--------+--------+--------+-----+--------+
         Total |   2582 |   2545 |     37 |    754 |   1318 |   2 | 1291.0 |
       Dungeon |   2582 |   2545 |     37 |    754 |   1318 |   2 | 1291.0 |
               +--------+--------+--------+--------+--------+-----+--------+

Top non-repeatable levels by time:
     D:1: 1447 daAuts
     D:2: 1135 daAuts
